 Dungeon Crawl Stone Soup version 0.28-a0-691-gad6df49e81 (webtiles) character file.

Game seed: 4943740753190190096

549 lunkers the Magician (level 7, -19/54 HPs)
             Began as a Djinni Cinder Acolyte on Oct 21, 2021.
             Was a High Priest of Ignis.
             Demolished by a two-headed ogre (20 damage)
             ... on level 5 of the Dungeon.
             The game lasted 00:09:09 (5584 turns).

lunkers the Magician (Djinni Cinder Acolyte)        Turns: 5584, Time: 00:09:10

Health: -19/54     AC:  4    Str: 13    XL:     7   Next: 54%
Gold:   246        EV: 11    Int: 17    God:    Ignis [*****.] SH:  0 Dex:  9

rFire   + + +      SeeInvis +   a - -1 short sword (flame)
rCold   x . .      Faith    .   (no shield)
rNeg    . . .      Spirit   .   b - +0 robe
rPois   ∞          Reflect  .   (no helmet)
rElec   .          Harm     .   g - +1 cloak
rCorr   .          Rampage  .   (no gloves)
Will    .....                   (boots unavailable)
Stlth   +.........              (no amulet)
HPRegen 0.18/turn               c - ring of protection from fire
MPRegen 0.00/turn               x - ring of see invisible

@: flying
A: sickness immunity, fire resistance 2, cold vulnerability 1, float, innate
caster, hp casting, extra vitality 1
a: Renounce Religion, Sea of Fire, Foxfire Swarm, Rising Flame


You were on level 5 of the Dungeon.
You worshipped Ignis.
Ignis was extremely pleased with you.
You visited 1 branch of the dungeon, and saw 5 of its levels.

You collected 246 gold pieces.

Inventory:

Hand Weapons
 a - a -1 short sword of flaming (weapon)
Missiles
 u - a throwing net
Armour
 b - a +0 robe (worn)
 g - a +1 cloak (worn)
Jewellery
 c - a ring of protection from fire (left hand)
 x - a ring of see invisible (right hand)
Scrolls
 p - a scroll of enchant armour
 t - a scroll of identify {unknown}
Potions
 e - 2 potions of curing {unknown}
 f - 3 potions of flight {unknown}
 h - 2 potions of attraction {unknown}
 k - 3 potions of heal wounds {unknown}
 m - a potion of berserk rage {unknown}
 n - 2 potions of lignification {unknown}
 o - a potion of might {unknown}
 v - a potion of resistance {unknown}
 w - a potion of cancellation {unknown}


   Skills:
 + Level 5.2 Fighting
 - Level 2.6 Short Blades
 * Level 5.3 Spellcasting


You had 8 spell levels left.
You knew the following spells:

 Your Spells              Type           Power      Damage    Failure   Level
a - Shock                 Conj/Air       88%        1d8       1%          1
b - Corpse Rot            Necr/Air       44%        N/A       2%          2
c - Call Canine Familiar  Summ           22%        N/A       4%          3
p - Scorch                Fire           44%        2d7       2%          2
Your spell library was empty.

Dungeon Overview and Level Annotations

Branches:
Dungeon (5/15)             Temple (0/1) D:4

Altars:
Hepliaklqana
Ru
Sif Muna
Trog
Vehumet

Shops:
D:5 =((

Annotations:
D:4 2 runed translucent doors, RepHenryClay's ghost, amateur NaFi


Innate Abilities, Weirdness & Mutations

You are immune to sickness and miasma.
You are immune to poison.
Your flesh is very heat resistant. (rF++)
You are vulnerable to cold. (rC-)
You float through the air rather than walking.
You learn spells naturally, not from books.
Your magical power is your life essence.
You have superior vitality. (+4 HP)


Message History

Casting: Scorch (safe; 2% risk of failure)
Press: ? - help, Q - select action, (/) - cycle Dir - look around, f - activate Flames lash the two-headed ogre.
The two-headed ogre is burned terribly!
The two-headed ogre is heavily wounded.
Casting: Scorch (safe; 2% risk of failure)
Press: ? - help, Q - select action, (/) - cycle Dir - look around, f - activate Flames lash the two-headed ogre.
The two-headed ogre is burned terribly!
The two-headed ogre is severely wounded.
The two-headed ogre barely misses you.
The two-headed ogre hits you with a +0 giant spiked club!!
Ouch! That really hurt!
* * * LOW HITPOINT WARNING * * *
Casting: Scorch (safe; 2% risk of failure)
Press: ? - help, Q - select action, (/) - cycle Dir - look around, f - activate Flames lash the two-headed ogre.
The two-headed ogre is burned terribly!
The two-headed ogre is almost dead.
* * * LOW HITPOINT WARNING * * *
The two-headed ogre is no longer more vulnerable to fire.
Unknown command.
Casting: Scorch (safe; 2% risk of failure)
Press: ? - help, Q - select action, (/) - cycle Dir - look around, f - activate Flames lash the two-headed ogre.
The two-headed ogre is almost dead.
The two-headed ogre's fire resistance burns away.
* * * LOW HITPOINT WARNING * * *
The two-headed ogre hits you with a +0 giant club.
* * * LOW HITPOINT WARNING * * *
The two-headed ogre hits you with a +0 giant spiked club!
* * * LOW HITPOINT WARNING * * *
The two-headed ogre is no longer more vulnerable to fire.
You aren't carrying any items that you can evoke.
Unknown command.
Casting: Scorch (safe; 2% risk of failure)
Press: ? - help, Q - select action, (/) - cycle Dir - look around, f - activate Flames lash the two-headed ogre.
The two-headed ogre is almost dead.
The two-headed ogre's fire resistance burns away.
* * * LOW HITPOINT WARNING * * *
The two-headed ogre hits you with a +0 giant club!!
You die...

.....#(...# #...........
P.P§#.#...####...#######
#.....P..+............
..###P....#####..#####
.. ##............# ..
#.###......>.# ..
#.###........# ..
#...#######O## ..
#.......# #@# ##
#...##.####.#####.#
#...##.#.......†..#
#)..##.#......#####
#...##.#......#
#...##+#.(....#
######.∩...............
.......................#
.......#..∩..#####.....#


You could see a two-headed ogre (combustible).

Vanquished Creatures
  Eustachio (D:4)
  A wyvern zombie (D:5)
  A water moccasin skeleton (D:4)
  A hound (D:4)
  An iguana (D:5)
  Terence (D:3)
  A hound zombie (D:5)
  6 gnolls
  6 adders
  A white imp (D:3)
  3 dart slugs
  A worm (D:4)
  6 orcs
  5 ball pythons
  6 bats
  7 endoplasms
  4 giant cockroaches
  5 goblins
  8 hobgoblins
  3 jackals (D:4)
  7 kobolds
  4 quokkas
  3 frilled lizards
  5 rats
87 creatures vanquished.

Vanquished Creatures (others)
  A plant (D:5)
1 creature vanquished.

Grand Total: 88 creatures vanquished

Notes
Turn   | Place    | Note
-------+----------+-------------------------------------------
     0 | D:1      | lunkers the Djinni Cinder Acolyte began the quest for the
                  | Orb.
     0 | D:1      | Reached XP level 1. HP: 20/20 MP: 0/0
   251 | D:1      | Reached XP level 2. HP: 4/25 MP: 0/0
   818 | D:1      | Found a faded altar of an unknown god.
  1114 | D:1      | Reached XP level 3. HP: 26/30 MP: 0/0
  1114 | D:1      | Learned a level 1 spell: Shock
  1616 | D:2      | Reached XP level 4. HP: 28/35 MP: 0/0
  2808 | D:3      | Reached XP level 5. HP: 37/41 MP: 0/0
  2808 | D:3      | Learned a level 2 spell: Corpse Rot
  3458 | D:3      | Found a bloodstained altar of Trog.
  3458 | D:3      | Noticed Terence
  3464 | D:3      | Killed Terence
  3779 | D:4      | Found a runed translucent door.
  3782 | D:4      | Noticed RepHenryClay's ghost (amateur NaFi)
  3802 | D:4      | Found a runed translucent door.
  3856 | D:4      | Found a staircase to the Ecumenical Temple.
  3892 | D:4      | Found a sacrificial altar of Ru.
  3901 | D:4      | Noticed Eustachio
  3909 | D:4      | Reached XP level 6. HP: 33/47 MP: 0/0
  3915 | D:4      | Killed Eustachio
  4322 | D:4      | Reached XP level 7. HP: 31/53 MP: 0/0
  4322 | D:4      | Learned a level 3 spell: Call Canine Familiar
  4650 | D:4      | Reached skill level 5 in Spellcasting
  5131 | D:5      | Entered Level 5 of the Dungeon
  5132 | D:5      | Found Japsovib's Jewellery Emporium.
  5132 | D:5      | Found Ugyhef's Weapon Shop.
  5144 | D:5      | Found Ymnodgh's Weapon Shoppe.
  5150 | D:5      | Reached skill level 5 in Fighting
  5165 | D:5      | Noticed a two-headed ogre
  5554 | D:5      | Found a hazy altar of Hepliaklqana.
  5571 | D:5      | HP: 1/54 [two-headed ogre (12)]
  5584 | D:5      | Demolished by a two-headed ogre

Illustrated notes

Levels and vault maps discovered:
D:1:      dpeg_arrival_boxorama, layout_basic, basic_ecumenical_altar,
          minmay_split_cup_large
D:2:      layout_loops_ring, basic_altar
D:3:      layout_rooms, nzn_overflow_gifts_of_might_and_magic
D:4:      layout_cave_pods, nicolae_ru_the_path_less_chosen,
          minmay_temple_entry_drinking_statues, ebering_ghost_sewer_f,
          uniq_eustachio
D:5:      layout_basic, mainiacjoe_overflow_alcove_1,
          nicolae_hepliaklqana_hazy_memory, general_overflow_altar,
          lemuel_doored_altar, serial_shops, shop, shop, shop, shop,
          nicolae_take_the_stairs

Skill      XL: |  1  2  3  4  5  6  7 |
---------------+----------------------+-----
Spellcasting   | 3 4 5 |  5.3
Fighting       | 4 5 |  5.2
Short Blades   | |  2.6

Action                   |  1- 3 |  4- 6 |  7- 9 || total
-------------------------+-------+-------+-------++-------
Melee: Short sword       |    33 |       |       ||    33
 Cast: Scorch            |    20 |    56 |    31 ||   107
       Shock             |    11 |    41 |     2 ||    54
  Use: Scroll            |       |       |     8 ||     8
Armor: Robe              |     7 |     5 |     2 ||    14
Dodge: Dodged            |    45 |     7 |     6 ||    58

Table legend: (Time is in decaauts)
 A = Elapsed time spent in this place.
 B = Non-inter-level travel time spent in this place.
 C = Inter-level travel time spent in this place.
 D = Time resting spent in this place.
 E = Time spent auto-exploring this place.
 F = Levels seen in this place.
 G = Mean time per level.
                   A        B        C        D        E       F      G
               +--------+--------+--------+--------+--------+-----+--------+
         Total |   5583 |   5365 |    218 |    488 |   4221 |   5 | 1116.6 |
       Dungeon |   5583 |   5365 |    218 |    488 |   4221 |   5 | 1116.6 |
               +--------+--------+--------+--------+--------+-----+--------+

Top non-repeatable levels by time:
     D:4: 1676 daAuts
     D:1: 1419 daAuts
     D:2: 1283 daAuts
     D:3: 1014 daAuts
     D:5: 189 daAuts
